 Dungeon Crawl Stone Soup version 0.23-a0-329-g6f3f904 (webtiles) character file.

11558 Garbasso the Basher (level 12, -2/97 HPs)
             Began as a Formicid Abyssal Knight on Oct 16, 2018.
             Was a High Priest of Lugonu.
             Slain by a blink frog (4 damage)
             ... on level 1 of the Lair of Beasts.
             The game lasted 00:42:24 (13164 turns).

Garbasso the Basher (Formicid Abyssal Knight)      Turns: 13164, Time: 00:42:25

Health: -2/97      AC: 14    Str: 23    XL:     12   Next: 9%
Magic:  19/19      EV:  8    Int: 11    God:    Lugonu [*****.]
Gold:   552        SH:  0    Dex: 10    Spells: 11/11 levels left

rFire    . . .     SeeInvis +   a - +1 dire flail
rCold    . . .     Gourm    .   (no shield)
rNeg     . . .     Faith    .   z - +2 chain mail {rPois}
rPois    +         Spirit   .   (helmet unavailable)
rElec    .         Reflect  .   (no cloak)
rCorr    .         Harm     .   B - +0 pair of gloves
MR       ++...                  (no boots)
Stlth    ..........             (no amulet)
HPRegen  0.26/turn              p - +6 ring of slaying
MPRegen  0.16/turn              l - ring of protection from magic

@: no status effects
A: permanent stasis, dig shafts and tunnels, four strong arms, antennae 3
a: Dig, Shaft Self, Depart the Abyss, Bend Space, Banish, Corrupt, Enter the
Abyss, Renounce Religion


You were on level 1 of the Lair of Beasts.
You worshipped Lugonu.
Lugonu was extremely pleased with you.
You were hungry.

You visited 2 branches of the dungeon, and saw 12 of its levels.
You visited the Abyss 1 time.
You also visited: Sewer.

You collected 552 gold pieces.

Inventory:

Hand Weapons
 a - a +1 dire flail (weapon)
 b - a +0 blowgun
Missiles
 w - 51 poisoned needles
 y - 7 tomahawks (quivered)
Armour
 f - a +2 chain mail of magic resistance
 z - a +2 chain mail of poison resistance (worn)
 B - a +0 pair of gloves (worn)
Jewellery
 i - an uncursed ring of positive energy
 l - a ring of protection from magic (right hand)
 p - a +6 ring of slaying (left hand)
 r - an uncursed amulet of magic regeneration
Wands
 k - a wand of flame (10)
 u - a wand of scattershot (7)
 x - a wand of paralysis (6)
 A - a wand of random effects (42)
Scrolls
 h - a scroll of immolation
 n - a scroll of fear
 q - a scroll of magic mapping
 s - 4 scrolls of identify
 v - 3 scrolls of remove curse
 C - a scroll of amnesia
Potions
 d - a potion of ambrosia
 e - 6 potions of brilliance
 j - 7 potions of heal wounds
 m - a potion of resistance
 o - 2 potions of curing
 t - 2 potions of flight
 D - a potion of agility {unknown}
Comestibles
 c - 12 rations
 g - 4 chunks of flesh


   Skills:
 + Level 9.7 Fighting
 * Level 11.8 Maces & Flails
 + Level 9.2 Armour
 - Level 0.8 Dodging
 - Level 10.0 Invocations


You had 11 spell levels left.
You didn't know any spells.
Your spell library contained the following spells:

 Spells                   Type           Power        Failure   Level  Hunger
 Animate Skeleton         Necr           N/A          91%         1    ##.....
 Apportation              Tloc           #.....       91%         1    ##.....
 Confusing Touch          Hex            #.....       91%         1    ##.....
 Summon Small Mammal      Summ           #...         91%         1    ##.....
 Corpse Rot               Necr           N/A          97%         2    ###....
 Sublimation of Blood     Necr           #.........   97%         2    ###....
 Agony                    Necr           #.......     100%        5    ######.
 Bolt of Draining         Conj/Necr      #.........   100%        5    ######.
 Dispel Undead            Necr           #.......     100%        5    ######.
 Excruciating Wounds      Chrm/Necr      #.........   100%        5    ######.


Dungeon Overview and Level Annotations

Branches:
Dungeon (11/15)            Temple (0/1) D:4            Lair (1/6) D:8
    Orc: D:9-12

Altars:
Hepliaklqana
Makhleb
Qazlal
Ru
Vehumet
Xom

Annotations:
Abyss:1 Urug


Innate Abilities, Weirdness & Mutations

You cannot be hasted, slowed, berserked, paralysed or teleported.
You can dig through walls and to a lower floor.
Your four strong arms can wield two-handed weapons with a shield.
You have a pair of large antennae on your head. (SInv)


Message History

The blink frog is lightly wounded.
The blink frog hits you!
The blink frog blinks!
You hit the blink frog.
The blink frog is moderately wounded.
The blink frog blinks! x2; The blink frog barely misses you.
You puncture the blink frog!
The blink frog is heavily wounded.
The blink frog blinks!
The blink frog hits you!
* * * LOW HITPOINT WARNING * * *
The blink frog blinks!
The spiny frog stings you!
* * * LOW HITPOINT WARNING * * *
The blink frog blinks!
Are you sure you want to shaft yourself?
You are feeling hungry.
The spiny frog stings you!
* * * LOW HITPOINT WARNING * * *
You begin to dig a shaft.
You continue digging a shaft.
The blink frog hits you.
You die...

.........{.......#
#PP.#......{.....##
#..........#§{.....
...†P#....#.Y{{###
....##.....FYY##
...##..P.##..Y##
....##.##...##Y## ##
....#####...P##F##.P###
##.............§@F....#
#..#.########...#.......
#..### #...##.##### ...#
#...# ## ...# ##### ...#
<÷## ###


You could see 5 yaks, a spiny frog and 2 blink frogs.

Vanquished Creatures
  Harold (D:8)
  A centaur warrior (D:10)
  2 two-headed ogres
  An unseen horror (D:10)
  Joseph (D:7)
  A spiny frog (Lair:1)
  A hornet (D:10)
  5 yaks
  A basilisk (Lair:1)
  2 hungry ghosts
  4 vampire mosquitoes (D:9)
  2 water moccasins
  3 porcupines
  3 orc warriors
  Purgy (Sewer)
  A hornet zombie (D:8)
  An ice beast (D:10)
  A black bear (D:8)
  A necrophage (D:4)
  2 sky beasts
  3 phantoms
  11 centaurs
  2 ogres
  2 crocodiles
  2 big kobolds
  9 bullfrogs
  4 scorpions
  4 wights (D:8)
  A howler monkey (D:4)
  4 crimson imps
  3 quasits
  A bullfrog zombie (D:5)
  A centaur zombie (D:6)
  A centaur skeleton (D:3)
  6 hounds
  8 orc wizards
  5 orc priests
  A bullfrog skeleton (D:8)
  An iguana (D:4)
  6 worker ants
  3 hound skeletons
  4 gnolls (D:5)
  A howler monkey skeleton (D:6)
  16 adders
  4 shadow imps
  An ooze (D:2)
  3 adder zombies
  2 worms (D:3)
  2 dart slugs
  10 leopard geckos
  33 orcs
  4 ball pythons
  3 bats
  A giant cockroach (D:7)
  8 goblins
  4 hobgoblins
  4 jackals
  12 kobolds
  6 quokkas
  8 frilled lizards
  A giant cockroach zombie (D:5)
  A jackal skeleton (D:6)
  A quokka zombie (D:6)
  5 rats
247 creatures vanquished.

Vanquished Creatures (collateral kills)
  An orc (D:7)
1 creature vanquished.

Vanquished Creatures (others)
  A hydra (D:8)
  3 fungi (D:8)
  4 plants
8 creatures vanquished.

Grand Total: 256 creatures vanquished

Notes
Turn   | Place    | Note
-------+----------+-------------------------------------------
     0 | Abyss:1  | Garbasso the Formicid Abyssal Knight began the quest for
                  | the Orb.
     0 | Abyss:1  | Reached XP level 1. HP: 18/18 MP: 2/2
    59 | Abyss:1  | Noticed a thrashing horror
   122 | Abyss:1  | Noticed a sixfirhy
   124 | Abyss:1  | Noticed a ynoxinul
   125 | D:1      | Escaped the Abyss
   361 | D:1      | Reached XP level 2. HP: 15/24 MP: 3/3
   663 | D:1      | Reached * piety under Lugonu
   691 | D:1      | Reached XP level 3. HP: 21/29 MP: 4/4
  1265 | D:2      | Found a stormy altar of Qazlal.
  1353 | D:2      | Reached skill level 3 in Maces & Flails
  1602 | D:2      | Reached XP level 4. HP: 37/37 MP: 6/6
  2032 | D:3      | Reached XP level 5. HP: 28/42 MP: 7/7
  2163 | D:3      | Found a glowing drain.
  2194 | D:3      | Reached ** piety under Lugonu
  2211 | Sewer    | Entered a sewer
  2238 | Sewer    | Noticed Purgy
  2258 | Sewer    | Killed Purgy
  2258 | Sewer    | Reached skill level 4 in Maces & Flails
  2258 | Sewer    | Reached XP level 6. HP: 49/49 MP: 8/8
  2973 | D:4      | Noticed a phantom
  2990 | D:4      | Killed a phantom
  3106 | D:4      | Noticed an ogre
  3374 | D:4      | Reached XP level 7. HP: 33/55 MP: 10/10
  3451 | D:4      | Reached skill level 5 in Maces & Flails
  3813 | D:4      | Reached skill level 5 in Fighting
  3824 | D:4      | Found a staircase to the Ecumenical Temple.
  4039 | D:5      | Entered Level 5 of the Dungeon
  4225 | D:5      | Reached skill level 5 in Invocations
  4225 | D:5      | Reached XP level 8. HP: 35/61 MP: 11/11
  4576 | D:5      | Reached skill level 6 in Maces & Flails
  5301 | D:6      | Reached skill level 5 in Armour
  5337 | D:6      | Reached skill level 7 in Maces & Flails
  5337 | D:6      | Reached XP level 9. HP: 54/68 MP: 13/13
  5654 | D:6      | Reached *** piety under Lugonu
  6337 | D:7      | Noticed Joseph
  6361 | D:7      | Killed Joseph
  6361 | D:7      | Reached skill level 8 in Maces & Flails
  7491 | D:8      | Reached **** piety under Lugonu
  7632 | D:8      | Reached XP level 10. HP: 78/78 MP: 15/15
  7814 | D:8      | Noticed Harold
  7840 | D:8      | You fall through a shaft for 2 floors!
  7840 | D:10     | Entered Level 10 of the Dungeon
  7848 | D:10     | Reached skill level 9 in Maces & Flails
  8338 | D:10     | Noticed a centaur warrior
  8353 | D:10     | Killed a centaur warrior
  8640 | D:10     | Noticed an unseen horror
  8651 | D:10     | Killed an unseen horror
  8651 | D:10     | Reached skill level 10 in Maces & Flails
  8966 | D:9      | Noticed a two-headed ogre
  9002 | D:9      | Killed a two-headed ogre
  9002 | D:9      | Reached XP level 11. HP: 38/87 MP: 17/17
  9711 | D:8      | Found a shimmering altar of Xom.
  9713 | D:8      | Found a shadowy altar of Dithmenos.
  9713 | D:8      | Found a radiant altar of Vehumet.
  9713 | D:8      | Noticed a two-headed ogre
  9742 | D:8      | You fall through a shaft for 2 floors!
 10127 | D:8      | Killed a two-headed ogre
 10127 | D:8      | Reached skill level 11 in Maces & Flails
 10259 | D:8      | Reached ***** piety under Lugonu
 10495 | D:8      | Killed Harold
 10617 | D:8      | Found a staircase to the Lair.
 10776 | D:8      | Found a burning altar of Makhleb.
 10776 | D:8      | Found a sacrificial altar of Ru.
 10776 | D:8      | Found a hazy altar of Hepliaklqana.
 11913 | D:10     | Noticed Urug
 11920 | D:10     | Banished Urug
 12108 | D:10     | Reached skill level 10 in Invocations
 12573 | Lair:1   | Entered Level 1 of the Lair of Beasts
 12586 | Lair:1   | Noticed a seven-headed hydra
 12680 | D:8      | Banished a seven-headed hydra
 12680 | D:8      | Reached XP level 12. HP: 14/96 MP: 14/19
 13163 | Lair:1   | HP: 2/97 [spiny frog (10)]
 13164 | Lair:1   | Slain by a blink frog

Vault maps used:
D:1:      dpeg_arrival_lava_temple_mockup
D:2:      hex_tiny, grunt_qazlal_sundering
D:3:      cheibrodos_sewer_entry_bend, first_ration
D:4:      minmay_temple_entry_purple_smoke
D:5:      serial_glass, glass_columns_c, glass_columns_a
D:7:      uniq_joseph
D:8:      doesnt_xom_only_xom, grunt_lair_entry_orc_guard_hut, uniq_harold
D:9:      nicolae_whirlpool
D:10:     uniq_urug
D:11:     david_orc_5, gammafunk_ghost_grave, lab_entry_generic
Lair:1:   minmay_lair_oklob_chamber
Sewer:    sewer_co_purgy_island

Skill      XL: |  1  2  3  4  5  6  7  8  9 10 11 |
---------------+----------------------------------+-----
Maces & Flails | 3 4 5 7 8 10 11 | 11.8
Invocations    | 3 4 5 6 7 8 10 | 10.0
Fighting       | 4 5 6 7 8 9 |  9.7
Armour         | 3 4 5 6 7 9 |  9.2
Dodging        | |  0.8

Action                   |  1- 3 |  4- 6 |  7- 9 | 10-12 || total
-------------------------+-------+-------+-------+-------++-------
Melee: Mace              |    70 |   116 |   161 |       ||   347
       Morningstar       |       |       |    72 |       ||    72
       Dire flail        |       |       |    28 |   398 ||   426
 Fire: Blowgun           |       |    11 |    19 |       ||    30
Throw: Stone             |     8 |    16 |    20 |       ||    44
       Tomahawk          |       |       |     9 |    12 ||    21
Invok: Depart the Abyss  |     1 |       |       |       ||     1
       Bend Space        |       |       |     1 |     1 ||     2
       Banish            |       |       |       |     3 ||     3
 Abil: Dig               |       |     5 |     8 |    10 ||    23
       Shaft Self        |       |       |       |     3 ||     3
Evoke: Wand              |       |       |       |     1 ||     1
  Use: Potion            |     1 |     1 |       |     4 ||     6
       Scroll            |       |    11 |     7 |     1 ||    19
  Eat: Chunk             |     1 |     4 |    15 |    16 ||    36
       Ration            |       |     1 |       |     2 ||     3
Armor: Leather armour    |    16 |     2 |       |       ||    18
       Ring mail         |       |     7 |       |       ||     7
       Skin              |       |    46 |       |    16 ||    62
       Chain mail        |       |    38 |    79 |   242 ||   359
       Plate armour      |       |       |    70 |       ||    70
Dodge: Dodged            |    33 |    53 |    64 |   145 ||   295

Table legend:
 A = Non-vault XP
 B = Vault XP
 C = Vault XP percentage of total XP
 D = Non-vault monster count
 E = Vault monster count
 F = Vault count percentage of total count
                 A         B        C        D         E       F
            +---------+---------+-------+---------+---------+-------
      Total |   13428 |    3084 |  18.7 |     228 |      22 |   8.8
            +---------+---------+-------+---------+---------+-------
        D:1 |      31 |       0 |   0.0 |      17 |       0 |   0.0
        D:2 |      53 |       0 |   0.0 |      15 |       0 |   0.0
        D:3 |     112 |      10 |   8.2 |      17 |       2 |  10.5
        D:4 |     474 |       0 |   0.0 |      11 |       0 |   0.0
        D:5 |     552 |       0 |   0.0 |      15 |       0 |   0.0
        D:6 |     824 |       0 |   0.0 |      21 |       0 |   0.0
        D:7 |     580 |     434 |  42.8 |      24 |       1 |   4.0
        D:8 |    3153 |    1624 |  34.0 |      46 |       6 |  11.5
        D:9 |    2468 |     440 |  15.1 |      25 |       4 |  13.8
       D:10 |    4151 |     416 |   9.1 |      32 |       1 |   3.0
     Lair:1 |    1030 |       0 |   0.0 |       5 |       0 |   0.0
      Sewer |       0 |     160 | 100.0 |       0 |       8 | 100.0
            +---------+---------+-------+---------+---------+-------
